[Event "Indian Rapid Championship 2023-24"]
[Site "Nashik"]
[Date "2024.03.04"]
[Round "4.10"]
[White "Mitrabha, Guha"]
[Black "Aradhya, Garg"]
[Result "1-0"]
[ECO "A13"]
[WhiteElo "2526"]
[BlackElo "2385"]
[Annotator "TA"]
[PlyCount "129"]
[EventDate "2024.03.02"]
[EventType "swiss"]
[EventCountry "IND"]
[SourceTitle "playchess.com"]
[Source "ChessBase"]
[SourceQuality "1"]
[TimeControl "900+10"]

1. Nf3 d5 2. e3 Nf6 3. c4 e6 4. b3 c5 5. Bb2 Nc6 6. cxd5 exd5 7. Bb5 Bd6 8. O-O O-O 9. d4 cxd4 10. Bxc6 bxc6 11. Qxd4 Re8 12. Nbd2 c5 13. Qh4 Ne4 14. Qxd8 Rxd8 15. Rfd1 Ba6 16. Rac1 Be2 17. Re1 Bd3 18. Ba3 Rac8 19. Nxe4 Bxe4 20. Red1 f6 21. Ne1 Bf8 22. f3 Bg6 23. Kf2 a5 24. Rc3 a4 25. bxa4 c4 26. Bxf8 Kxf8 27. Nc2 Bxc2 28. Rxc2 Rc5 29. Rd4 Ra8 ({Black should play} 29... Rb8 $1 $11) 30. e4 $14 Rxa4 (30... dxe4 31. Rcxc4 (31. Rdxc4 Rxc4 32. Rxc4 exf3 $16) 31... Rh5 32. Rxe4 $16 (32. fxe4 Rxh2 33. Rc5 Ra7 $16)) 31. exd5 Ke7 32. d6+ $1 Kd7 33. Kg3 (33. Re2 $16 {And now Re7+ would win.} Re5 34. Rb2) 33... Rc6 $11 34. h4 g6 35. Kh3 h5 (35... Ra3 {simplifies} 36. Rcxc4 Rxc4 37. Rxc4 Kxd6 38. h5 Rxa2 39. Rg4 Ke6) 36. Kg3 (36. g4 {simplifies} Rxd6 37. Rdxc4 hxg4+ 38. Kxg4 Rd4+ 39. Rxd4+ Rxd4+ 40. f4) 36... Ra5 (36... Ra3 {simplifies} 37. Rf4 Ke6 38. Rcxc4 Rxc4 39. Rxc4 Kxd6 40. Rd4+ Ke5) 37. Rf4 (37. Rcxc4 Rxc4 38. Rxc4 Rxa2) (37. Rdxc4 {simplifies} Rxc4 38. Rxc4 Rxa2 39. Rc7+) 37... c3 (37... Ke6 $11 {keeps the balance.}) 38. Rxf6 $16 Rd5 39. Rf7+ (39. Rxg6 Rd2 40. Rg7+ Kxd6 41. Rg6+ Kd5 42. Rxc6 Rxc2 $11) ({White must play} 39. Kf2 $1 $18) 39... Ke6 $1 $14 40. Rc7 (40. Re7+ $1 $14 Kxd6 41. Re3) 40... Rxc7 $1 $11 41. dxc7 Rc5 42. Kf4 Kd5 $1 43. Kg5 Rc6 44. c8=Q Rxc8 45. Kxg6 Kd4 46. Kxh5 Kd3 47. Rc1 c2 48. g4 Kd2 49. Rxc2+ Kxc2 $4 (49... Rxc2 $11 50. g5 Ke3 (50... Rxa2 $2 51. g6 $18)) 50. g5 Kd3 {[%emt 0:00:01] [#]} 51. g6 $1 Ke3 52. g7 Kxf3 53. Kg5 Rc5+ 54. Kg6 Rc6+ {[%emt 0:00:04] [#]} 55. Kh7 $1 Rc7 56. a4 (56. Kh8 Rc4 $11) 56... Ra7 57. h5 (57. Kh8 Rxa4 58. g8=Q (58. g8=B Ra7 $11) (58. h5 Rh4 $11) 58... Rxh4+ 59. Kg7 Rg4+ 60. Kh8 Rxg8+ 61. Kxg8 $11) 57... Kg4 58. Kh8 Kxh5 59. g8=Q ({Worse is} 59. g8=B Kh6 $11 (59... Rxa4 60. Kg7 $11)) 59... Kh6 60. Qf8+ Kg6 61. Qd6+ Kf7 62. Qf4+ Kg6 63. Qg3+ Kh5 64. Qh2+ Kg6 65. Qg1+ 1-0

[Event "Indian Rapid Championship 2023-24"]
[Site "Nashik"]
[Date "2024.03.05"]
[Round "5.1"]
[White "Ghosh, Diptayan"]
[Black "Hari Madhavan N B"]
[Result "1/2-1/2"]
[ECO "A05"]
[WhiteElo "2559"]
[BlackElo "2395"]
[Annotator "TA"]
[PlyCount "113"]
[EventDate "2024.03.02"]
[EventType "swiss"]
[EventCountry "IND"]
[SourceTitle "playchess.com"]
[Source "ChessBase"]
[SourceQuality "1"]
[TimeControl "900+10"]

1. Nf3 Nf6 2. g3 b5 3. Bg2 Bb7 4. O-O e6 5. b3 Be7 6. c4 a6 {[%emt 0:00:19] A05: Réti Opening: 1 Nf3 Nf6.} 7. Nc3 b4 8. Na4 O-O 9. d4 Bc6 $146 ({Predecessor:} 9... d6 10. d5 exd5 11. Nh4 c5 12. Nf5 Re8 13. cxd5 Bf8 14. Re1 a5 15. e4 Nbd7 16. Nb2 Nb6 17. Bf4 Bc8 {½-½ Ding,L (2812)-Maghsoodloo,P (2673) WchT 12th Astana 2019 (5.13)}) 10. Nb2 a5 11. Nd3 Be4 12. Bb2 Nc6 13. Nfe5 Bxg2 14. Kxg2 Nxe5 15. dxe5 Ne4 16. Qc2 Nc5 17. Rad1 Qc8 18. Nxc5 Bxc5 19. Qe4 a4 20. Bd4 Bxd4 21. Rxd4 axb3 22. axb3 c5 23. Rd6 Ra7 24. Rfd1 f5 25. exf6 Rxf6 26. R1d3 Rf7 27. f3 Qc7 28. Rd2 Qc8 29. h4 Qb7 30. Qe3 Qc8 31. Qg5 h6 32. Qe3 Rc7 33. g4 Qe8 (33... Rc6 $16) 34. Qe5 $18 Qc8 (34... g6 $142 35. Ra6 Rc8) 35. Rb6 Rf8 36. Rbd6 (36. Rd1 $142) 36... Rf7 $1 $18 37. Ra2 $1 Qb8 {[%emt 0:01:20] [#]} 38. Rda6 ({White has to play} 38. Ra5 $1 $18) 38... Rc8 $16 39. Qe4 ({Better is} 39. Qe3 $16) 39... Qf4 {[%emt 0:00:28] [#]} (39... Rf4 $11 {remains equal.} 40. Qe3 Rd4) 40. Ra8 (40. Qxf4 $1 $16 {Threatening mate with Qd6.} Rxf4 41. Rd2) 40... Rcf8 $1 $14 41. Rxf8+ Rxf8 (41... Kxf8 $14 42. Qxf4 Rxf4) 42. Qxf4 $16 Rxf4 43. e4 (43. Rd2 $16 Rf7 44. h5) 43... d5 $11 44. Kg3 g5 45. hxg5 hxg5 46. exd5 exd5 47. cxd5 Rd4 48. Ra7 Rxd5 49. Rc7 Kf8 50. Kf2 Re5 51. f4 gxf4 52. Kf3 Re3+ 53. Kxf4 Rxb3 54. Rxc5 Rc3 55. Rxc3 bxc3 56. Ke3 Kg7 (56... c2 $5 57. Kd2 $8 c1=R 58. Kxc1 Kg8 $11) 57. Ke4 $2 (57. Kd3 $11) 1/2-1/2

[Event "Indian Rapid Championship 2023-24"]
[Site "Nashik"]
[Date "2024.03.05"]
[Round "5.2"]
[White "Mohammad Nubairshah Shaikh"]
[Black "Aronyak Ghosh"]
[Result "0-1"]
[ECO "A30"]
[WhiteElo "2436"]
[BlackElo "2517"]
[Annotator "TA"]
[PlyCount "88"]
[EventDate "2024.03.02"]
[EventType "swiss"]
[EventCountry "IND"]
[SourceTitle "playchess.com"]
[Source "ChessBase"]
[SourceQuality "1"]
[TimeControl "900+10"]

1. Nf3 Nf6 2. c4 c5 3. g3 Nc6 4. Bg2 d5 5. O-O e5 6. cxd5 Nxd5 7. Nc3 Be6 8. Ng5 Qxg5 9. Nxd5 Qd8 {[%emt 0:00:07] Dodges Nc7+} 10. Nc3 Qd7 {[%emt 0:00:30] Black is slightly better.} 11. Qa4 Rc8 12. f4 exf4 13. gxf4 f5 14. d3 Qd4+ ({Black should try} 14... Be7 $17) 15. Qxd4 $11 cxd4 16. Nd5 (16. Nb5 $11) 16... Kd7 17. Bd2 Bd6 18. Rfc1 Rhe8 {[%emt 0:00:50] White should prevent ...Bxd5.} 19. Kf2 b6 20. a3 ({Better is} 20. Bf3 $11) 20... Na5 $15 21. Bxa5 bxa5 22. b4 Rxc1 23. Rxc1 Rc8 24. Rxc8 Kxc8 $17 {[%emt 0:00:02][%mdl 4096] Endgame. KBB-KBN} 25. e3 axb4 26. axb4 Kd7 27. exd4 Bxd5 28. Bxd5 Bxf4 {[%emt 0:00:11] KB-KB} 29. h3 (29. h4 $1 $15) 29... Ke7 30. Bg8 h6 {[%emt 0:00:27] And now ...Bd6 would win.} 31. Kf3 $2 {[%emt 0:00:19] [#] This costs White the game.} (31. d5 $17 {only move.}) 31... Bd6 $19 32. b5 $2 (32. Ke2) 32... Kf6 33. Bd5 g5 34. Bc6 h5 35. Bd7 g4+ 36. Kg2 Kg5 37. h4+ Kxh4 {[%emt 0:00:28] Black mates.} 38. Bxf5 Kg5 39. Be4 h4 40. Kf2 h3 41. Bc6 Bc7 42. Ke3 g3 43. Bd7 g2 44. Kf2 Bh2 {[%emt 0:00:03] Weighted Error Value: White=0.55/Black=0.11 (very precise) .  Loses game:     	White=1     	---        Mistake:       	White=4     	Black=1      Inaccurate:     	White=1     	Black=2      OK:         	White=6     	Black=10     Best:        	White=2     	Black=1} 0-1

[Event "Indian Rapid Championship 2023-24"]
[Site "Nashik"]
[Date "2024.03.05"]
[Round "5.3"]
[White "Ravi, Teja S."]
[Black "Raja Rithvik R"]
[Result "1/2-1/2"]
[ECO "D02"]
[WhiteElo "2437"]
[BlackElo "2532"]
[Annotator "TA"]
[PlyCount "92"]
[EventDate "2024.03.02"]
[EventType "swiss"]
[EventCountry "IND"]
[SourceTitle "playchess.com"]
[Source "ChessBase"]
[SourceQuality "1"]
[TimeControl "900+10"]

1. d4 Nf6 2. Nf3 d5 3. Bf4 c5 4. e3 Nc6 5. c3 Qb6 6. Qc2 g6 7. Nbd2 Bg7 8. Be2 O-O {[%emt 0:00:50] The position is equal.} 9. O-O Bf5 10. Qb3 c4 11. Qxb6 axb6 12. Ne5 b5 13. a3 Rfd8 14. Rfe1 Ne8 15. g4 {[%emt 0:05:56] [#] aiming for Nxc6.} Bc8 16. g5 Nxe5 17. Bxe5 Bf5 18. Bxg7 Kxg7 19. Bf3 e6 20. e4 dxe4 21. Nxe4 Bxe4 22. Rxe4 Nd6 23. Re5 h6 24. gxh6+ Kxh6 25. d5 {[%emt 0:00:31] White is more active.} Re8 26. dxe6 Rxe6 27. Rxe6 fxe6 $16 {[%emt 0:00:01][%mdl 4096] Endgame. KRB-KRN} 28. Re1 Re8 29. Re5 Kg7 30. Bg4 Kf6 31. f4 b6 32. Kg2 Re7 33. Kf3 Re8 34. h4 Re7 35. h5 (35. Ke2 $16) 35... gxh5 $14 36. Rxh5 Kg7 37. Ke3 (37. Rg5+ $16 Kf6 38. Rh5) 37... Re8 $2 {[%emt 0:00:10] [#]} (37... Nf5+ $11 38. Kd2 Rd7+ 39. Kc1 Rf7) 38. Re5 $18 Kf6 39. Ke2 (39. Kd4 $18 {is the precise move to win.}) 39... Re7 $16 40. Kd2 Re8 41. Kc2 Re7 42. Kd2 Re8 43. Ke2 Re7 44. Rh5 (44. Ke1 $16) 44... Kg7 (44... Nf5 $11 45. Ke1 Ne3) 45. Rg5+ Kf6 46. Re5 Re8 {[%emt 0:00:05] Weighted Error Value: White=0.19 (very precise) /Black=0.17 (very precise) .  Loses game:     	---       	Black=1      Mistake:       	White=4     	Black=1      Inaccurate:     	White=2     	Black=3      OK:         	White=11    	Black=11     Best:        	White=3     	Black=7} 1/2-1/2

[Event "Indian Rapid Championship 2023-24"]
[Site "Nashik"]
[Date "2024.03.05"]
[Round "5.4"]
[White "Prraneeth Vuppala"]
[Black "Ratnakaran, K.."]
[Result "1-0"]
[ECO "B00"]
[WhiteElo "2506"]
[BlackElo "2258"]
[Annotator "TA"]
[PlyCount "67"]
[EventDate "2024.03.02"]
[EventType "swiss"]
[EventCountry "IND"]
[SourceTitle "playchess.com"]
[Source "ChessBase"]
[SourceQuality "1"]
[TimeControl "900+10"]

1. e4 e6 2. d4 b6 3. Bd3 Bb7 4. Qe2 d6 5. Nf3 a6 6. Bg5 Be7 7. h4 Nd7 8. Nbd2 {[%emt 0:00:05][%cal Bb1d2,Bd2b3,Bb3c5][%mdl 32] The position is equal.} h6 9. Bxe7 Nxe7 10. O-O-O b5 11. e5 d5 (11... Nd5 $11) 12. Nb3 $14 c6 (12... b4 $1 $11) 13. Nc5 Bc8 14. g4 b4 15. Kb1 {[%emt 0:00:48] White is much more active. The black rooks are passive.} (15. Nxa6 $2 {perishes.} Bxa6 16. Bxa6 Qa5 $19) 15... a5 16. g5 Nxc5 17. dxc5 a4 $1 18. gxh6 (18. Rhg1 $14) 18... gxh6 $11 19. h5 Qa5 20. Qe3 $36 {[%emt 0:00:03][%mdl 2048] Black is under pressure.} Ba6 21. Nh4 Bxd3 (21... a3 $5 22. Bxa6 axb2 $17) 22. Rxd3 Rb8 23. f4 Rb5 $2 {[%emt 0:00:00] [#]} (23... Rg8 $11 {and Black is okay.}) 24. f5 $1 $18 Rxc5 (24... b3 $142) (24... Qa7 25. f6) 25. fxe6 fxe6 26. Ng6 Nf5 27. Qh3 Rg8 28. Nh4 Rg5 {[%emt 0:03:13] [#]} 29. Nxf5 $1 Rxf5 30. Qg4 (30. Rg3 $18 b3 31. axb3 (31. cxb3 axb3 32. Rxb3 Rb5 $11) 31... axb3 32. Rxb3) 30... Qb5 $2 {[%emt 0:01:41][%mdl 8192] Black cannot hold the game after this.} (30... Rc4 $14 31. Qg6+ Ke7 (31... Kd7 32. Rg3 $16)) 31. Qg8+ {[%emt 0:00:22] White mates.} Ke7 32. Rg1 Rg5 33. Rxg5 hxg5 34. Rf3 {[%emt 0:00:11] Weighted Error Value: White=0.18 (very precise) /Black=0.54.  Loses game:     	---       	Black=2      Mistake:       	White=2     	Black=3      Inaccurate:     	White=5     	Black=2      OK:         	White=6     	Black=6      Best:        	White=2     	Black=2      Strong:       	White=1     	Black=1      Brilliant:      	White=1     	---} 1-0

[Event "Indian Rapid Championship 2023-24"]
[Site "Nashik"]
[Date "2024.03.05"]
[Round "5.5"]
[White "Raahul V S"]
[Black "Mitrabha, Guha"]
[Result "0-1"]
[ECO "A50"]
[WhiteElo "2314"]
[BlackElo "2526"]
[Annotator "TA"]
[PlyCount "99"]
[EventDate "2024.03.02"]
[EventType "swiss"]
[EventCountry "IND"]
[SourceTitle "playchess.com"]
[Source "ChessBase"]
[SourceQuality "1"]
[TimeControl "900+10"]

1. d4 Nf6 2. c4 b6 3. Nc3 Bb7 4. Qc2 d5 5. cxd5 Nxd5 6. e4 Nxc3 7. bxc3 e6 8. Nf3 Be7 {[%emt 0:00:06] White has an edge.} 9. Bb5+ c6 $1 10. Bd3 c5 11. O-O O-O (11... cxd4 $1 $11 {is more appropriate.} 12. cxd4 O-O) 12. Be3 (12. d5 $1 $16) 12... Nd7 13. Rfd1 Rc8 14. Qa4 (14. Qe2 $14) 14... cxd4 15. cxd4 a6 16. Qb3 {[%emt 0:00:10] Inhibits Rc3.} (16. Bxa6 $2 {is the wrong capture.} Ra8 17. Ne5 Nf6 $19 (17... Bxa6 18. Qxd7 Bf6 19. Qc6 $16) (17... Nxe5 18. dxe5 Rxa6 19. Rxd8 $15)) 16... b5 17. Rac1 Rxc1 18. Rxc1 Nf6 19. Qc2 (19. Qb1 $1 $11) 19... Qa8 $1 $15 20. e5 Rc8 21. Qb1 Rxc1+ 22. Bxc1 Ne4 23. Ne1 Bd5 24. a3 Qc6 25. f3 Nc3 26. Qc2 g6 27. Bd2 Na4 28. Qxc6 Bxc6 29. Nc2 Nb2 30. Be2 Bd5 31. Bb4 Bg5 {[%emt 0:00:08] ...Bb3 would now be deadly.} 32. Kf2 Nc4 33. Bxc4 Bxc4 $11 {[%emt 0:00:13][%mdl 4096] Endgame. KBB-KBN} 34. Ne3 Bb3 35. Ke2 f5 36. Kd3 h5 37. Bd2 f4 $1 38. Nc2 Bc4+ 39. Ke4 Bd5+ 40. Kd3 Bh6 41. Nb4 Bc4+ 42. Ke4 (42. Kc2 $11) 42... a5 $15 43. Nc2 Bb3 44. Kd3 a4 $1 45. Nb4 g5 46. h4 {[%emt 0:01:02] [#]} gxh4 (46... Bc4+ $142 $1 47. Ke4 gxh4) 47. Ke4 (47. Ke2 $142) 47... Bf8 $17 48. Bxf4 $2 (48. Be1) 48... Bxb4 $19 49. axb4 Bc2+ 50. Ke3 {[%emt 0:00:04] Weighted Error Value: White=0.42/Black=0.05 (flawless) .  Mistake:       	White=7     	Black=2      Inaccurate:     	White=1     	Black=2      OK:         	White=17    	Black=21     Best:        	White=1     	Black=1      Strong:       	---       	Black=4} 0-1

[Event "Indian Rapid Championship 2023-24"]
[Site "Nashik"]
[Date "2024.03.05"]
[Round "5.6"]
[White "Neelotpal, Das"]
[Black "Utsab Chatterjee"]
[Result "1-0"]
[ECO "D37"]
[WhiteElo "2355"]
[BlackElo "2301"]
[Annotator "TA"]
[PlyCount "105"]
[EventDate "2024.03.02"]
[EventType "swiss"]
[EventCountry "IND"]
[SourceTitle "playchess.com"]
[Source "ChessBase"]
[SourceQuality "1"]
[TimeControl "900+10"]

1. d4 d5 2. c4 e6 3. Nf3 Nf6 4. Nc3 Be7 5. Bf4 O-O 6. e3 Nbd7 7. c5 {[%emt 0:00:12] D37: Damengambit (5.Lf4).} c6 8. b4 b6 9. h4 a5 10. a3 Ba6 11. Bxa6 Rxa6 12. Qe2 $146 ({Predecessor:} 12. b5 cxb5 13. c6 Qc8 14. c7 b4 15. Nb5 a4 16. Qc2 b3 17. Qe2 Ra8 18. Rc1 {0-1 Mamedyarov,S (2759)-Sargissian,G (2698) Olympiad-44 Chennai 2022 (10.1)}) 12... b5 13. O-O Ne4 14. Nxe4 dxe4 15. Nd2 Qa8 $1 16. Rab1 ({Ein No Go ist} 16. Nxe4 axb4 (16... Bxh4 17. Qb2 $16) 17. a4 Rxa4 $15 (17... bxa4 18. Rfb1 $15)) (16. bxa5 {ist vielschichtiger.} Rxa5 17. Nxe4 Bxh4 18. Qg4) 16... axb4 17. axb4 Ra2 18. h5 ({Besser ist} 18. Qd1 $11) 18... h6 (18... f5 $1 $15) 19. Qd1 $11 Nf6 (19... f5 {ist interessant.} 20. Qb3 Kf7 21. g4 Ra3) 20. Be5 Nd5 $1 21. Nxe4 f5 22. Nd6 Bxd6 (22... Qa4 $11 {hält das Gleichgewicht.}) 23. cxd6 $16 Rf7 24. Qc1 (24. Rb3 $142) 24... Rfa7 $16 25. Qc5 (25. Re1 $16) 25... Qe8 $14 26. Rbc1 R2a6 27. Rfe1 Qxh5 28. e4 fxe4 29. Rxe4 Qf5 30. Ree1 Qf7 31. Bg3 Ra8 32. Rc2 Qd7 33. Rce2 Re8 34. Be5 Ra3 (34... Rf8 $14) 35. Rc1 Rc8 {[%emt 0:00:02] [#]} 36. Re4 $1 h5 37. Ree1 Ra4 (37... Qa7 $142) 38. Ra1 (38. Rb1 $142) 38... Rca8 $16 39. Rab1 Ra2 40. Rec1 (40. Qc1 $16) 40... R8a6 $2 {[%emt 0:00:24] [#]} ({Vorzuziehen ist} 40... Qf7 $14 41. Rf1 (41. Qxc6 $2 {führt zum Matt.} Qxf2+ 42. Kh2 Qxg2#) 41... Rf8) 41. Rb3 $1 $18 h4 42. Rf3 R2a4 43. Rb1 Ra8 44. Kh2 Rf8 $2 (44... R4a6 45. Qc1 Qd8) 45. Rxf8+ $18 Kxf8 46. Rb3 Kg8 47. Rh3 Nxb4 (47... Ra8 $142 48. Rxh4 Qd8) 48. Rxh4 Nd3 49. Qc2 Qd8 50. Bg3 Ra3 51. Qxc6 b4 52. d7 Kf7 53. Re4 1-0

[Event "Indian Rapid Championship 2023-24"]
[Site "Nashik"]
[Date "2024.03.05"]
[Round "5.7"]
[White "Srihari L R"]
[Black "Sidhant, Mohapatra"]
[Result "1-0"]
[ECO "A11"]
[WhiteElo "2490"]
[BlackElo "2379"]
[Annotator "TA"]
[PlyCount "83"]
[EventDate "2024.03.02"]
[EventType "swiss"]
[EventCountry "IND"]
[SourceTitle "playchess.com"]
[Source "ChessBase"]
[SourceQuality "1"]
[TimeControl "900+10"]

1. c4 c6 2. g3 d5 3. Bg2 Nf6 4. Nf3 Bf5 5. O-O e6 6. cxd5 exd5 7. d3 Be7 8. Be3 O-O 9. Qb3 Na6 (9... Qd7 $11) 10. Nc3 (10. Qxb7 $14 Nb4 11. a3 (11. Bxa7 Qd7 $11)) 10... Qd7 $11 11. Rac1 Bd6 12. Bd4 Ne8 13. e4 dxe4 14. dxe4 Be6 15. Qc2 {[%emt 0:00:08] White now steadily converts the win.} Bh3 (15... Bg4 $14) 16. Rfd1 $16 Bxg2 17. Kxg2 Qe6 18. a3 h6 19. Be3 {[%emt 0:00:11] Against Bf4} Be5 20. Nxe5 Qxe5 21. Rd7 b6 22. Rcd1 {[%emt 0:00:21] aiming for f4. White is much more active.} Nc5 (22... Qe6 $16 {is a better defense.} 23. h3 Nac7) 23. f4 $18 Qh5 24. Bxc5 Qxc5 25. e5 {[%emt 0:00:16] Dodges Nf6} a5 {[%emt 0:01:14] Black is weak on the light squares} 26. R1d4 {[%emt 0:00:55] Black must now prevent b4.} Ra7 $2 (26... b5) 27. b4 (27. Rd8 Nc7 28. Rxf8+ (28. R4d7 Nd5 $14) 28... Qxf8 $16) 27... axb4 28. axb4 Rxd7 29. bxc5 Rxd4 30. cxb6 Rb4 31. Na4 g6 $2 (31... c5 32. Qa2 (32. Nxc5 Rxb6 33. Nd7 Rb7 $18) 32... g6 33. Nxc5 Rxb6) 32. Qxc6 Ng7 33. Nc5 Rb2+ 34. Kh3 Rd8 35. Nd7 $2 (35. b7 Kh8 36. e6 fxe6 37. Qc8 (37. Nxe6 Rg8 $18)) 35... Rd2 $2 (35... Ne6 36. b7 h5) 36. Nf6+ Kh8 37. b7 Ne6 {[%emt 0:00:11] Prevents Qc7} 38. Qc8 Kg7 39. b8=Q {[%emt 0:00:29] Intending Ne8+ and mate.} (39. b8=R Nxf4+ 40. gxf4 R8d3+ 41. Kh4 (41. Kg4 Rg2+ 42. Kh4 Rxh2+ 43. Kg4 Rg2+ 44. Kh4 Rh2+ 45. Kg4 Rg2+ 46. Kh4 Rh2+ $11) 41... Rxh2+ 42. Kg4 Rg2+ 43. Kh4 Rh2+ 44. Kg4 Rg2+ 45. Kh4 Rh2+ $11) 39... Nxf4+ {[%emt 0:00:02] [#]} 40. Kg4 $1 ({Worse is} 40. gxf4 R8d3+ 41. Kh4 Rxh2+ 42. Kg4 (42. Qh3 $2 {is a self mate.} Rhxh3+ 43. Kg4 Rdg3#) 42... Rg2+ 43. Kh4 Rh2+ 44. Kg4 (44. Qh3 $2 {leads to mate.} Rhxh3+ 45. Kg4 Rdg3#) 44... Rg2+ 45. Kh4 Rh2+ $11) 40... Ne6 41. Ne8+ Kh7 {[%emt 0:00:08] [#]} 42. Qxe6 $3 {[%emt 0:00:24] Weighted Error Value: White=0.67/Black=0.66.  Mistake:       	White=1     	Black=5      Inaccurate:     	White=1     	Black=3      OK:         	White=13    	Black=8      Best:        	White=1     	Black=2} 1-0

[Event "Indian Rapid Championship 2023-24"]
[Site "Nashik"]
[Date "2024.03.05"]
[Round "5.8"]
[White "Das, Arghyadip"]
[Black "Wagh Suyog"]
[Result "1-0"]
[ECO "B91"]
[WhiteElo "2405"]
[BlackElo "2250"]
[Annotator "TA"]
[PlyCount "42"]
[EventDate "2024.03.02"]
[EventType "swiss"]
[EventCountry "IND"]
[SourceTitle "playchess.com"]
[Source "ChessBase"]
[SourceQuality "1"]
[TimeControl "900+10"]

1. e4 c5 2. Nc3 a6 3. Nge2 d6 4. g3 Nf6 5. Bg2 g6 6. d4 cxd4 7. Nxd4 Bg7 8. O-O O-O 9. h3 Bd7 10. Be3 Nc6 11. Nde2 b5 12. a4 b4 13. Nd5 {[%emt 0:00:01] White has an edge.} Rb8 14. Rb1 Bc8 15. Bg5 Nxd5 16. exd5 Na5 (16... Ne5 $11) 17. b3 $14 h6 ({Black should try} 17... Qc7 $14) 18. Be3 $16 {[%emt 0:00:57] White is better.} Qc7 19. Qd2 Kh7 20. Rfc1 Bd7 21. h4 Bg4 {[%emt 0:01:52] Weighted Error Value: White=0.10 (very precise) /Black=0.17 (very precise) .  Mistake:       	---       	Black=2      Inaccurate:     	---       	Black=1      OK:         	White=4     	Black=3} 1-0

[Event "Indian Rapid Championship 2023-24"]
[Site "Nashik"]
[Date "2024.03.05"]
[Round "5.9"]
[White "Vaz, Ethan"]
[Black "Sharma, Dinesh K."]
[Result "1-0"]
[ECO "A04"]
[WhiteElo "2409"]
[BlackElo "2209"]
[Annotator "TA"]
[PlyCount "73"]
[EventDate "2024.03.02"]
[EventType "swiss"]
[EventCountry "IND"]
[SourceTitle "playchess.com"]
[Source "ChessBase"]
[SourceQuality "1"]
[TimeControl "900+10"]

1. e4 c5 2. Nf3 d6 3. g3 Nc6 4. Bg2 g6 5. O-O Bg7 6. c3 Nf6 7. Qe2 O-O 8. Rd1 d5 9. e5 Ne8 10. d4 {[%emt 0:00:25] Die Stellung ist ausgeglichen.} cxd4 11. cxd4 Nc7 12. Nc3 b6 13. Be3 Ba6 14. Qd2 Rc8 15. Rac1 f6 16. exf6 (16. Bh3 {mit weiteren Verwicklungen.} fxe5 17. Nxe5 Bxe5 18. Ne2) 16... exf6 17. h4 Qd7 18. Ne1 Kh8 19. Nd3 Ne7 20. Nf4 Bb7 21. Bh3 {[%emt 0:00:18] Weiß steht aktiver.} f5 $1 22. Re1 Rce8 23. Bg2 Ng8 24. h5 g5 25. Nd3 Ne6 (25... f4 $6 26. gxf4 gxf4 27. Bxf4 $16) 26. Ne2 {[%emt 0:00:54] [#]} (26. Bxg5 Nxg5 27. Qxg5 Bh6 $14) (26. f4 $11 {hält das Gleichgewicht.}) 26... Nf6 (26... f4 27. gxf4 g4 28. Ng3 $18 (28. Ne5 Qd8 $16)) ({Vorzuziehen ist} 26... Ba6 $1 $17) 27. Ne5 $36 {[%emt 0:00:19][%mdl 2048] Weiss hat Initiative.} Qd6 28. Bxg5 {[%emt 0:00:53] Droht h6 und aus.} Ne4 29. Bxe4 dxe4 (29... fxe4 $11 30. Be3 Nxd4 31. Bxd4 Bxe5) 30. Bh6 $14 e3 {[%emt 0:00:47] Verliert die Partie.} 31. Bxg7+ (31. fxe3 $2 {ist das falsche Schlagen.} Bxe5 (31... Bxh6 $2 32. Nf4 $19) 32. Bf4 Nxf4 33. Nxf4 Bxf4 34. exf4 Qd5 $19) (31. Bxe3 $2 {geht unter.} Qd5 $19) 31... Nxg7 $2 (31... Kxg7 32. Qxe3 Rf6) 32. Qxe3 $18 Bd5 33. Nf4 {[%emt 0:00:19][%cal Be2f4,Bf4d5,Bd5f4][%mdl 32] Weiß steht klar auf Gewinn.} Kg8 {[%emt 0:00:23] [#]} 34. h6 $1 Qxh6 (34... Re7 35. hxg7) 35. Nxd5 {[%emt 0:00:03] Hervorragende Reitkunst.} f4 36. Qb3 {[%emt 0:00:29] jetzt Nf6+ und aus.} Kh8 37. Nxf4 {[%emt 0:00:04] Gewichteter Fehlerwert: Weiß=0.12 (sehr präzise) /Schwarz=0.42.  Fehler:       	Weiß=1     	Schwarz=4     Ungenau:       	Weiß=1     	Schwarz=6     OK:         	Weiß=15    	Schwarz=6     Bester:       	Weiß=3     	Schwarz=1     Stark:        	---       	Schwarz=1} 1-0